Map: Vaani Research Station (Void)

Players

Kimosabe

  • Race: Protoss Protoss
  • League: Bronze
  • Spawn Location: 6:00

Fropez - Winner!

  • Race: Protoss Protoss
  • League: Gold
  • Spawn Location: 12:00

VOD

Have the link to the VOD?

Description

Time

  • Played on: Nov. 29, 2016, 6:53 p.m.
  • Length: 3:02
Show
View Real Time Build Order
Export as new Build Order

Kimosabe Protoss 

Build Orders:  

Get SALT Encoding   

  12  0:12  Probe (Chrono Boost)  
  13  0:23  Pylon, Probe (Chrono Boost)  
  14  0:33  Probe (Chrono Boost)  
  15  0:43  Gateway  
  15  0:44  Probe (Chrono Boost)  
  16  0:54  Probe (Chrono Boost)  
  17  1:04  Assimilator  
  17  1:05  Probe (Chrono Boost)  
  18  1:15  Probe (Chrono Boost)  
  19  1:23  Forge  
  19  1:29  Probe (Chrono Boost)  
  20  1:59  Pylon  
  20  2:17  Pylon  
  5  2:47  Probe (Chrono Boost)  
Show
View Real Time Build Order
Export as new Build Order

Fropez Protoss - Winner!

Build Orders: Nexus First 

Get SALT Encoding   

  12  0:01  Probe (Chrono Boost)  
  13  0:15  Probe (Chrono Boost)  
  14  0:28  Probe (Chrono Boost)  
  15  0:43  Pylon  
  15  0:56  Nexus  
  15  1:01  Probe (Chrono Boost)  
  16  1:13  Forge  
  17  1:18  Probe (Chrono Boost)  
  17  1:25  Assimilator  
  17  1:29  Probe (Chrono Boost)  
  18  1:32  Pylon  
  18  1:46  Pylon  
  18  1:53  Photon Cannon  
  18  2:05  Photon Cannon  
  18  2:09  Probe x2 (Chrono Boost)  
  20  2:23  Probe x2 (Chrono Boost)  
  22  2:46  Photon Cannon  
Tags
 
Add a new tag
Caveats
  • Supply blocks, unpowered buildings, or Contaminate may cause inaccurate times.
  • Supply counts are checked every 10 seconds.